 Dungeon Crawl Stone Soup version 0.25-a0-479-g8579842 (webtiles) character file.

Game seed: 9523488594613239562, levelgen mode: deterministic

65 15 the Ruffian (level 3, 0/28 HPs)
             Began as a Draconian Transmuter on Feb 9, 2020.
             Killed from afar by an orc wizard (4 damage)
             ... with a magic dart
             ... on level 3 of the Dungeon.
             The game lasted 00:04:44 (1403 turns).

15 the Ruffian (Draconian Transmuter)               Turns: 1403, Time: 00:04:44

Health: 0/28       AC:  6    Str: 13    XL:     3   Next: 92%
Magic:  6/6        EV: 12    Int: 13    God:
Gold:   129        SH:  0    Dex: 11    Spells: 4/7 levels left

rFire    . . .     SeeInvis .     - Unarmed
rCold    . . .     Gourm    .   (no shield)
rNeg     . . .     Faith    .   (armour unavailable)
rPois    .         Spirit   .   (helmet restricted)
rElec    .         Reflect  .   (no cloak)
rCorr    .         Harm     .   (no gloves)
MR       .....                  j - +0 pair of boots
Stlth    +.........             (no amulet)
HPRegen  0.09/turn              (no ring)
MPRegen  0.10/turn              (no ring)

@: slowed, very slow
A: unfitting armour, cold-blooded, AC +5
a: no special abilities


You were on level 3 of the Dungeon.
You were not hungry.

You visited 1 branch of the dungeon, and saw 3 of its levels.

You collected 129 gold pieces.

Inventory:

Missiles
 a - 12 arrows
Armour
 j - a +0 pair of boots (worn)
Scrolls
 f - a scroll of teleportation {unknown}
 m - a scroll of amnesia {unknown}
Potions
 d - a potion of flight {unknown}
 e - 2 potions of magic
 g - a potion of resistance
 h - 3 potions of curing
 i - a potion of berserk rage {unknown}
 k - a potion of heal wounds {unknown}
 l - a potion of brilliance {unknown}
 n - a potion of might {unknown}
Comestibles
 b - 7 chunks of flesh
 c - 5 rations


   Skills:
 * Level 1.5 Fighting
 * Level 2.1 Dodging
 + Level 3.6 Unarmed Combat
 * Level 2.6 Spellcasting
 * Level 2.6 Transmutations


You had 4 spell levels left.
You knew the following spells:

 Your Spells              Type           Power        Failure   Level  Hunger
a - Beastly Appendage     Tmut           #.....       9%          1    #......
b - Sticks to Snakes      Tmut           #.......     12%         2    ###....

Your spell library contained the following spells:

 Spells                   Type           Power        Failure   Level  Hunger
 Spider Form              Tmut/Pois      #.........   38%         3    ###....
 Ice Form                 Ice/Tmut       #.......     80%         4    #####..
 Blade Hands              Tmut           #.........   92%         5    ######.


Dungeon Overview and Level Annotations

Branches:
Dungeon (3/15)

Altars:


Innate Abilities, Weirdness & Mutations

Your plain brown scales are hard. (AC +5)
You cannot fit into any form of body armour.
You are cold-blooded and may be slowed by cold attacks.


Message History

The magic dart hits you but does no damage.
The leopard gecko bites you but does no damage.
The orc wizard points at you and mumbles some strange words.
You feel as though you will be slow longer.
The orc wizard casts a spell at you. The magic dart hits you.
* * * LOW HITPOINT WARNING * * *
The orc wizard closely misses you.
The leopard gecko bites you but does no damage.
The orc wizard completely misses you.
The leopard gecko bites you but does no damage.
The orc wizard closely misses you. The orc wizard misses you.
The leopard gecko bites you.
* * * LOW HITPOINT WARNING * * *
The orc wizard hits you but does no damage. x2
The leopard gecko bites you.
* * * LOW HITPOINT WARNING * * *
The orc wizard points at you and mumbles some strange words.
The magic dart hits you.
You die...

#......(..(......
#...............)
#................
#................
#................
####................
#...................
#.##ol..............
.. #@........ ...
#...!.... ...
#........ ..
#........ .
#........ #........
#........ #........


You could see an orc wizard and a leopard gecko.

Vanquished Creatures
  2 oozes
  2 dart slugs
  2 leopard geckos (D:1)
  2 orcs (D:3)
  6 goblins
  6 hobgoblins
  2 jackals (D:2)
  A quokka (D:2)
  A ball python (D:2)
  7 bats
  4 frilled lizards (D:2)
  6 kobolds
  5 rats
46 creatures vanquished.

Notes
Turn   | Place    | Note
-------+----------+-------------------------------------------
     0 | D:1      | 15 the Draconian Transmuter began the quest for the Orb.
     0 | D:1      | Reached XP level 1. HP: 16/16 MP: 3/3
   149 | D:1      | Reached XP level 2. HP: 20/23 MP: 5/5
   302 | D:1      | Learned a level 2 spell: Sticks to Snakes
   732 | D:2      | Reached XP level 3. HP: 24/28 MP: 4/6
  1403 | D:3      | Killed from afar by an orc wizard

Levels and vault maps discovered:
D:1:      saegor_arrival_simple_c, layout_basic
D:2:      layout_basic, first_ration, hangedman_decor_growths,
          minmay_split_cup_large
D:3:      layout_basic, nicolae_ru_awakened_eye,
          wander_ebering_terrifying_dragon_lair

Skill      XL: |  1  2  3 |
---------------+----------+-----
Dodging        | 2 |  2.1
Fighting       | |  1.5
Unarmed Combat | |  3.6
Spellcasting   | |  2.6
Transmutations | |  2.6

Action                   || total
-------------------------++-------
Melee: Unarmed           ||   140
       Kick              ||     2
       Tailslap          ||     8
       Headbutt          ||     5
       Punch             ||     1
 Cast: Beastly Appendage ||    21
  Use: Scroll            ||     6
  Eat: Chunk             ||     2
Armor: Skin              ||    47
Dodge: Dodged            ||    98

Table legend:
 A = Non-vault XP
 B = Vault XP
 C = Vault XP percentage of total XP
 D = Non-vault monster count
 E = Vault monster count
 F = Vault count percentage of total count
                 A         B        C        D         E       F
            +---------+---------+-------+---------+---------+-------
      Total |      86 |       7 |   7.5 |      42 |       4 |   8.7
            +---------+---------+-------+---------+---------+-------
        D:1 |      31 |       0 |   0.0 |      13 |       0 |   0.0
        D:2 |      33 |       7 |  17.5 |      21 |       4 |  16.0
        D:3 |      22 |       0 |   0.0 |       8 |       0 |   0.0
            +---------+---------+-------+---------+---------+-------
